 Dungeon Crawl Stone Soup version 0.29.0-11-gd7f09526c8 (webtiles) character file.

Game seed: 15433185232724520345

18471 gelatine the Stinger (level 12, -8/91 HPs)
             Began as a Demonspawn Venom Mage on Sept 4, 2022.
             Was an Elder of Qazlal.
             Mangled by a troll (12 damage)
             ... led by an orc knight
             ... on level 1 of the Orcish Mines on Sept 5, 2022.
             The game lasted 01:03:32 (15973 turns).

gelatine the Stinger (Demonspawn Venom Mage)       Turns: 15973, Time: 01:03:34

Health: -8/91      AC:  6    Str:  9    XL:     12   Next: 28%
Magic:  15/22      EV: 18    Int: 21    God:    Qazlal [****..]
Gold:   550        SH: 10    Dex: 14    Spells: 12/24 levels left

rFire   . . .      SeeInvis .   x - staff of poison
rCold   . . .      Faith    .   (no shield)
rNeg    . . .      Spirit   .   U - +1 leather armour {Will+}
rPois   +          Reflect  +   (helmet restricted)
rElec   +          Harm     .   i - +0 cloak
rCorr   .          Rampage  .   (gloves unavailable)
Will    +....                   E - +0 pair of boots
Stlth   ++........              T - amulet of reflection
HPRegen 0.25/turn               a - ring "Icavouha" {Drain Fly rElec Stlth+}
MPRegen 0.18/turn               H - +4 ring of evasion

@: radiating poison, flying, repel missiles
A: horns 2, demonic guardian 1, foul stench 2, weakness stinger 2, demonic touch
3
a: Renounce Religion, Upheaval, Elemental Force


You were on level 1 of the Orcish Mines.
You worshipped Qazlal.
Qazlal was greatly pleased with you.
You visited 3 branches of the dungeon, and saw 14 of its levels.
You also visited: Bailey.

You collected 718 gold pieces.
You spent 168 gold pieces at shops.

Inventory:

Hand Weapons
 q - a +0 shortbow
 J - a +1 vorpal hand axe
 P - a +4 halberd of draining
Missiles
 m - 22 poisoned darts
 r - 5 javelins
 v - 5 curare-tipped darts
 w - a throwing net
 Y - 6 silver javelins
Armour
 g - an orb of guile
 i - a +0 cloak (worn)
 E - a +0 pair of boots (worn)
 U - a +1 leather armour of willpower (worn)
 W - a +1 robe of cold resistance
Magical Staves
 h - a staff of cold
 l - a staff of death
 x - a staff of poison (weapon)
Jewellery
 a - the ring "Icavouha" (left hand) {Drain Fly rElec Stlth+}
   (You took it off a kobold brigand on level 10 of the Dungeon)

   [ring of flight]

   rElec:     It insulates you from electricity.
   Fly:       It grants you flight.
   Drain:     It drains your maximum health when unequipped.
   Stlth:     It makes you more stealthy.
 b - an amulet of the acrobat
 n - the ring of Immorality {rPois rCorr Str-3 Dex+4 SInv}
   (You found it on level 5 of the Dungeon)

   [ring of resist corrosion]

   Str:       It affects your strength (-3).
   Dex:       It affects your dexterity (+4).
   rPois:     It protects you from poison.
   SInv:      It lets you see invisible.
   rCorr:     It protects you from acid and corrosion.
 y - a ring of resist corrosion
 H - a +4 ring of evasion (right hand)
 Q - a ring of see invisible
 S - a ring of positive energy
 T - an amulet of reflection (around neck)
Wands
 t - a wand of iceblast (5)
 B - a wand of charming (7)
 V - a wand of polymorph (6)
Scrolls
 e - a scroll of fog
 f - 4 scrolls of vulnerability
 j - 2 scrolls of magic mapping
 o - 4 scrolls of enchant weapon
 s - 3 scrolls of amnesia
 u - a scroll of torment
 D - 3 scrolls of poison
 F - 2 scrolls of enchant armour {unknown}
 L - 4 scrolls of teleportation
 R - 2 scrolls of noise {unknown}
 X - a scroll of blinking {unknown}
Potions
 c - 2 potions of berserk rage
 d - 2 potions of cancellation
 k - 2 potions of mutation {unknown}
 p - a potion of lignification {unknown}
 z - 2 potions of attraction {unknown}
 A - 4 potions of curing {unknown}
 C - 3 potions of brilliance {unknown}
 G - 2 potions of invisibility {unknown}
 I - 5 potions of haste {unknown}
 K - a potion of flight {unknown}
 M - a potion of resistance
 N - 2 potions of magic
 O - 5 potions of might
 Z - a potion of ambrosia


   Skills:
 * Level 7.6 Fighting
 + Level 0.4 Short Blades
 * Level 6.1 Staves
 + Level 1.8 Throwing
 + Level 1.7 Armour
 * Level 6.7 Dodging
 + Level 4.0 Stealth
 + Level 0.7 Shields
 + Level 6.8 Spellcasting
 + Level 3.6 Conjurations
 + Level 2.1 Necromancy
 + Level 4.8 Transmutations
 + Level 1.7 Ice Magic
 + Level 3.5 Air Magic
 + Level 7.9 Poison Magic
 * Level 7.6 Invocations
 * Level 6.6 Evocations


You had 12 spell levels left.
You knew the following spells:

 Your Spells              Type           Power      Damage    Failure   Level
a - Sting                 Tmut/Pois      100%       1d8       1%          1
b - Poisonous Vapours     Pois/Air       94%        N/A       1%          2
c - Mephitic Cloud        Conj/Pois/Air  42%        N/A       4%          3
d - Olgreb's Toxic Radia  Pois           57%        N/A       4%          4
e - Static Discharge      Conj/Air       22%        3-6/arc   4%          2

Your spell library contained the following spells:

 Spells                   Type           Power      Damage    Failure   Level
 Beastly Appendage        Tmut           54%        N/A       1%          1
 Wereblood                Tmut           27%        N/A       2%          2
 Spider Form              Tmut/Pois      50%        N/A       2%          3
 Stone Arrow              Conj/Erth      28%        3d8       17%         3
 Frozen Ramparts          Ice            28%        1d5       19%         3
 Ice Form                 Ice/Tmut       21%        N/A       30%         4
 Hailstorm                Conj/Ice       18%        3d6       38%         4
 Lightning Bolt           Conj/Air       11%        1d24      61%         5
 Summon Ice Beast         Ice/Summ       10%        N/A       65%         4
 Animate Armour           Summ/Erth      14%        N/A       77%         4
 Simulacrum               Ice/Necr       7%         N/A       100%        6
 Lehudib's Crystal Spear  Conj/Erth      7%         10d3      100%        8
 Maxwell's Capacitive Co  Air            11%        ∞         100%        8


Dungeon Overview and Level Annotations

Branches:
Dungeon (11/15)            Temple (1/1) D:4            Lair (0/5) D:10
    Orc (2/2) D:9          Bailey (visited)
    Elf: Orc:2

Altars:
Ashenzari
Cheibriados
Dithmenos
Fedhas
Gozag
Hepliaklqana
Kikubaaqudgha
Makhleb
Nemelex Xobeh
Okawaru
Qazlal
Ru
Sif Muna
Trog
Uskayaw
Vehumet
Wu Jian
Xom
Yredelemnul

Shops:
D:4 *   D:6 *

Portals:
Trove: D:11 (lose all piety)
Gauntlet: Orc:2

Annotations:
D:10 1 runed translucent door


Innate Abilities, Weirdness & Mutations

You have a pair of horns on your head.
A weak demonic guardian rushes to your aid.
You sometimes emit foul miasma when damaged in melee.
You have a tail ending in a sharp stinger.
Your touch may irresistibly damage your foes and sap their willpower.


Message History

You block the troll's attack.
Your shadow imp hits the troll.
The ogre looks even sicker.
You kill the ogre!
Qazlal accepts your kill.
The orc warrior looks even sicker.
The orc wizard looks even sicker.
The orc priest looks even sicker.
The orc knight is engulfed in freezing vapours.
The orc knight closely misses you.
The orc priest miscasts a cantrip.
You block the orc's attack. The orc knight closely misses you.
The troll closely misses you. You block the troll's attack.
The troll claws you!
Your shadow imp hits the troll.
You fly upwards.
The orc knight looks even sicker.
The orc looks even sicker.
The troll looks even sicker.
Your toxic aura wanes.
There is a stone staircase leading down here.
Press: ? - help, v - describe, . - travel A stone staircase leading down.
Casting: Olgreb's Toxic Radiance (dangerous; 4% risk of failure)
Confirm with . or Enter, or press ? or * to list all spells.
You feel a surge of power!
You begin to radiate toxic energy.
You kill the orc!
Qazlal accepts your kill.
The troll looks even sicker.
The orc knight looks as sick as possible!
The troll looks as sick as possible!
The orc knight is engulfed in blazing flames.
You kill the orc knight!
Qazlal accepts your kill.
The troll is engulfed in freezing vapours.
The troll misses you. The troll claws you!
* * * LOW HITPOINT WARNING * * *
The troll closely misses you.
You hit the troll.
The troll is severely wounded.
The troll is engulfed in freezing vapours.
The troll bites you!
* * * LOW HITPOINT WARNING * * *
You block the troll's attack. The troll claws you!
You die...

#.......###.........#
##.....#.##........##
##.##..............## ###
#....#.##.........#.#####.##
##..........#........#.#...#
###.#.##....#.............###
######...§.§...........##.##
##....§°..............#
##..).@<........#.##.##
#....§.T.........#####
##...##.##..###.##
############ ###


You could see a troll (extremely poisoned).

Vanquished Creatures
  Fannar (D:10)
  A boulder beetle (D:11)
  2 two-headed ogres
  A hydra (D:11)
  Pikel (D:5)
  An orc knight (Orc:1)
  The ghost of Caestello the Cudgeller, a novice GrMo of Ashenzari (D:6)
  An unseen horror (D:10)
  3 komodo dragons (D:10)
  An unseen horror zombie (D:10)
  3 hornets
  The ghost of gelatine the Shooter, an amateur DsHu of Lugonu (D:5)
  A vampire (D:10)
  A wyvern (D:10)
  12 yaks
  Eustachio (D:5)
  A basilisk (D:10)
  A vampire mosquito (D:11)
  A steam dragon (D:10)
  2 wargs
  A water moccasin (D:6)
  3 black bears
  2 ice beasts
  10 orc warriors
  5 ogres
  3 centaurs
  A phantom (D:4)
  4 lemures (D:5)
  3 kobold brigands
  2 necrophages
  2 scorpions
  5 bullfrogs
  10 wights
  17 killer bees
  A centaur zombie (D:10)
  9 hounds
  3 jellies
  4 orc priests
  A gnoll bouda (D:8)
  4 iguanas
  7 orc wizards
  21 gnolls
  7 adders
  A shadow imp (D:6)
  A white imp (D:6)
  2 worms
  2 dart slugs
  48 orcs
  6 ball pythons
  5 endoplasms
  2 giant cockroaches (D:2)
  5 goblins
  3 hobgoblins
  2 quokkas
  7 bats
  2 frilled lizards
  18 kobolds
  4 rats
270 creatures vanquished.

Vanquished Creatures (collateral kills)
  An orc knight (Bailey)
  A wyvern (D:10)
  A vampire mosquito (D:11)
  6 gnolls
  A kobold (D:1)
10 creatures vanquished.

Vanquished Creatures (others)
  A plant (D:4)
1 creature vanquished.

Grand Total: 281 creatures vanquished

Notes
Turn   | Place    | Note
-------+----------+-------------------------------------------
     0 | D:1      | gelatine the Demonspawn Venom Mage began the quest for the
                  | Orb.
     0 | D:1      | Reached XP level 1. HP: 13/13 MP: 3/3
   248 | D:1      | Gained mutation: A weak demonic guardian rushes to your
                  | aid. [demonic ancestry]
   248 | D:1      | Reached XP level 2. HP: 13/19 MP: 0/5
   791 | D:1      | Reached skill level 1 in Transmutations
   950 | D:1      | Found a faded altar of an unknown god.
  1315 | D:2      | Discovered your monstrous ancestry.
  1315 | D:2      | Gained mutation: Your touch may inflict minor irresistible
                  | damage on your foes. [demonic ancestry]
  1315 | D:2      | Reached XP level 3. HP: 20/24 MP: 0/6
  1492 | D:2      | Gained mutation: You have a pair of small horns on your
                  | head. [demonic ancestry]
  1492 | D:2      | Reached XP level 4. HP: 4/30 MP: 0/7
  2562 | D:3      | Learned a level 2 spell: Poisonous Vapours
  3474 | D:3      | Gained mutation: You have a pair of horns on your head.
                  | [demonic ancestry]
  3474 | D:3      | Reached XP level 5. HP: 29/36 MP: 0/8
  3595 | D:3      | Identified the +5 flail of Might {vorpal, *Corrode rElec
                  | Int+2 Stlth+}
  3726 | D:4      | Found Jegydu's Neck Hole.
  3954 | D:4      | Found a staircase to the Ecumenical Temple.
  3962 | D:4      | Reached skill level 1 in Fighting
  4052 | Temple   | Entered the Ecumenical Temple
  4102 | D:4      | Noticed a phantom
  4118 | D:4      | Killed a phantom
  4119 | D:4      | Reached skill level 1 in Staves
  4119 | D:4      | Reached skill level 1 in Evocations
  4554 | D:4      | Gained mutation: Your touch may inflict irresistible damage
                  | on your foes. [demonic ancestry]
  4554 | D:4      | Reached XP level 6. HP: 43/43 MP: 8/10
  4794 | D:5      | Entered Level 5 of the Dungeon
  4873 | D:5      | Learned a level 3 spell: Mephitic Cloud
  4878 | D:5      | Learned a level 4 spell: Olgreb's Toxic Radiance
  4879 | D:5      | Noticed Pikel
  5374 | D:5      | Gained mutation: You have a small tail. [demonic ancestry]
  5374 | D:5      | Reached XP level 7. HP: 47/50 MP: 6/12
  5504 | D:5      | Found a transporter.
  5640 | D:5      | Noticed Eustachio
  5644 | D:5      | Found a transporter.
  5651 | D:5      | Noticed gelatine's ghost (amateur DsHu)
  5660 | D:5      | Killed Eustachio
  5661 | D:5      | Reached skill level 5 in Poison Magic
  5719 | D:5      | Gained mutation: You may rarely emit foul miasma when
                  | damaged in melee. [demonic ancestry]
  5719 | D:5      | Reached XP level 8. HP: 7/58 MP: 4/14
  6137 | D:5      | Found a shimmering blue altar of Sif Muna.
  6633 | D:5      | Killed Pikel
  6634 | D:5      | Reached skill level 1 in Air Magic
  6871 | D:6      | You fall into a shaft and drop 3 floors!
  6875 | D:9      | Found a stormy altar of Qazlal.
  7029 | D:9      | Became a worshipper of Qazlal Stormbringer
  7042 | D:9      | Noticed a hornet
  7055 | D:9      | Killed a hornet
  7140 | D:8      | Reached XP level 9. HP: 63/65 MP: 8/16
  7450 | D:8      | Learned a level 2 spell: Static Discharge
  7663 | D:8      | Reached skill level 5 in Spellcasting
  7663 | D:8      | Reached skill level 1 in Invocations
  7926 | D:7      | Reached * piety under Qazlal
  8241 | D:7      | Found a flagged portal.
  8256 | Bailey   | Entered a bailey
  8653 | Bailey   | Reached skill level 5 in Fighting
  8773 | Bailey   | Noticed an orc knight
  8789 | Bailey   | Killed an orc knight
  9056 | Bailey   | Reached skill level 1 in Throwing
  9056 | Bailey   | Reached skill level 5 in Dodging
  9056 | Bailey   | Reached skill level 1 in Ice Magic
  9056 | Bailey   | Reached skill level 5 in Invocations
  9056 | Bailey   | Reached skill level 5 in Evocations
  9056 | Bailey   | Gained mutation: You have a tail ending in a sharp stinger.
                  | [demonic ancestry]
  9056 | Bailey   | Reached XP level 10. HP: 72/75 MP: 14/18
  9254 | D:6      | Found Neahyvo's General Store.
  9288 | D:6      | Identified the +0 plate armour "Cebeot" {Rampage rC+ rCorr}
  9292 | D:6      | Noticed Caestello's ghost (novice GrMo)
  9294 | D:6      | Found a transporter.
  9299 | D:6      | Found a transporter.
  9773 | D:6      | Reached ** piety under Qazlal
 10284 | D:7      | Reached skill level 5 in Staves
 10336 | D:7      | Found a hide-covered altar of Uskayaw.
 10365 | D:7      | Found an ornate altar of the Wu Jian Council.
 10770 | D:7      | Gained mutation: You sometimes emit foul miasma when
                  | damaged in melee. [demonic ancestry]
 10770 | D:7      | Reached XP level 11. HP: 63/79 MP: 12/19
 11112 | D:8      | Found a bloodstained altar of Trog.
 11127 | D:8      | Found an ancient bone altar of Kikubaaqudgha.
 11629 | D:9      | Noticed a two-headed ogre
 11644 | D:9      | Killed a two-headed ogre
 12196 | D:9      | Found a staircase to the Orcish Mines.
 12228 | D:9      | Reached *** piety under Qazlal
 12539 | D:10     | Entered Level 10 of the Dungeon
 12576 | D:10     | Noticed a two-headed ogre
 12997 | D:6      | Bought a +1 leather armour of willpower for 168 gold pieces
 13198 | D:10     | Identified the ring "Icavouha" {Drain Fly rElec Stlth+}
 13276 | D:10     | Killed a two-headed ogre
 13427 | D:10     | Noticed Fannar
 13442 | D:10     | Killed Fannar
 13688 | D:10     | Noticed a deep troll earth mage
 13688 | D:10     | Noticed a four-headed hydra
 13688 | D:10     | Noticed an orc knight
 13689 | D:10     | Found a runed translucent door.
 13691 | D:10     | Noticed an ettin
 13691 | D:10     | Noticed a five-headed hydra
 13691 | D:10     | Noticed an orc knight
 13829 | D:10     | Found a basalt altar of Yredelemnul.
 14258 | D:10     | Found a staircase to the Lair.
 14538 | D:11     | Noticed a boulder beetle
 14544 | D:11     | Killed a boulder beetle
 14545 | D:11     | Gained mutation: Your touch may irresistibly damage your
                  | foes and sap their willpower. [demonic ancestry]
 14545 | D:11     | Reached XP level 12. HP: 65/91 MP: 12/22
 14559 | D:11     | Reached **** piety under Qazlal
 14560 | D:11     | Reached skill level 1 in Armour
 14696 | D:11     | Found a portal to a secret trove of treasure.
 14711 | D:11     | Noticed a five-headed hydra
 14717 | D:11     | HP: 3/91 [five-headed hydra (7)]
 14720 | D:11     | Killed a five-headed hydra
 15125 | D:10     | Noticed a quicksilver ooze
 15269 | D:5      | Killed gelatine's ghost
 15358 | D:5      | Identified the ring of Immorality {rPois rCorr Str-3 Dex+4
                  | SInv}
 15487 | D:6      | Killed Caestello's ghost
 15763 | Orc:1    | Entered Level 1 of the Orcish Mines
 15897 | Orc:2    | Entered Level 2 of the Orcish Mines
 15897 | Orc:2    | Found a gate leading to a gauntlet.
 15973 | Orc:1    | HP: 4/91 [troll[an orc knight] (16)]
 15973 | Orc:1    | Mangled by a troll

Illustrated notes

Levels and vault maps discovered:
D:1:      psy_arrival_fountain, layout_rooms,
          shapermc_ecumenical_altar_flowoftime
D:2:      layout_rooms, kennysheep_cluttered_room
D:3:      layout_loops_ring, minmay_pentangle
D:4:      layout_basic, minmay_temple_entry_tees, roderic_roman_lattice,
          serial_bayou_pond_d, nicolae_shop_sticking_my_neck_out
D:5:      layout_basic, overflow_temple_1_default, gammafunk_ghost_hive,
          st_stairs_2, uniq_eustachio, uniq_pikel
D:6:      layout_gridville, gammafunk_ghost_arena, serial_shops,
          nicolae_shop_waterfront
D:7:      layout_basic, mainiacjoe_overflow_two_lobes, enter_bailey_2,
          hangedman_decor_growths
D:8:      layout_cave_pools, mainiacjoe_overflow_large_starburst
D:9:      layout_small_grid, old_standard_altar, orc_0_dummy
D:10:     minmay_gate_of_8, layout_cave_pools, lemuel_zombie_altar_yredelemnul,
          erik_lair_dragon, uniq_fannar
D:11:     lemuel_bear_cage, layout_rooms, enter_trove_2
Temple:   nicolae_temple_no_exploring_needed
Orc:1:    layout_caves, hangedman_feature_mirror, lemuel_statue_altar
Orc:2:    kennysheep_orc_mage_school, layout_caves, gauntlet_entry_generic,
          enter_volcano_1, serial_shops, shop, nicolae_shop_overgrown_old_shop

Skill      XL: |  1  2  3  4  5  6  7  8  9 10 11 12 |
---------------+-------------------------------------+-----
Transmutations | 1 2 3 4 |  4.8
Stealth        | 2 3 4 |  4.0
Dodging        | 2 3 4 5 6 |  6.7
Fighting       | 1 2 3 4 6 7 |  7.6
Poison Magic   | 4 5 7 |  7.9
Staves         | 1 2 3 4 5 6 |  6.1
Evocations     | 1 2 3 5 6 |  6.6
Spellcasting   | 3 4 5 6 |  6.8
Air Magic      | 1 2 3 |  3.5
Invocations    | 5 7 |  7.6
Throwing       | 1 |  1.8
Conjurations   | 2 3 |  3.6
Necromancy     | 2 |  2.1
Ice Magic      | 1 |  1.7
Armour         | 1 |  1.7
Short Blades   | |  0.4
Shields        | |  0.7

Action                   |  1- 3 |  4- 6 |  7- 9 | 10-12 || total
-------------------------+-------+-------+-------+-------++-------
Melee: Spear             |    17 |       |       |       ||    17
       Dagger            |     2 |     3 |       |       ||     5
       Staff             |       |    51 |    70 |   183 ||   304
       Headbutt          |       |    15 |    10 |    48 ||    73
       Touch             |       |     9 |    13 |    40 ||    62
       Tailslap          |       |       |    14 |    35 ||    49
       Punch             |       |       |       |     3 ||     3
Throw: Dart              |     2 |       |       |       ||     2
       Javelin           |       |     3 |     1 |       ||     4
 Cast: Sting             |    51 |    99 |    99 |    91 ||   340
       Poisonous Vapours |       |     1 |    17 |    18 ||    36
       Olgreb's Toxic Ra |       |     1 |    19 |    28 ||    48
       Mephitic Cloud    |       |     1 |     8 |    20 ||    29
       Static Discharge  |       |       |       |    33 ||    33
Invok: Upheaval          |       |       |       |     2 ||     2
Evoke: Wand              |       |     4 |       |       ||     4
  Use: Scroll            |       |     5 |     6 |     4 ||    15
       Potion            |       |       |     4 |     2 ||     6
 Stab: Confused          |       |       |     1 |     5 ||     6
Armor: Robe              |     3 |    13 |    16 |    12 ||    44
       Leather armour    |       |       |       |    19 ||    19
Dodge: Dodged            |    17 |    54 |   125 |   169 ||   365
Block: Other             |       |       |     2 |    69 ||    71
